 Dungeon Crawl Stone Soup version 0.28-a0-312-gbced6e68ee (webtiles) character file.

Game seed: 3780465601551186048

114 Goblin1989 the Ruffian (level 4, -1/44 HPs)
             Began as a Troll Fighter on Aug 30, 2021.
             Slain by an adder (3 damage)
             ... on level 3 of the Dungeon.
             The game lasted 00:02:46 (1627 turns).

Goblin1989 the Ruffian (Troll Fighter)              Turns: 1627, Time: 00:02:47

Health: -1/44      AC:  4    Str: 24    XL:     4   Next: 67%
Magic:  3/3        EV:  8    Int:  4    God:
Gold:   124        SH:  7    Dex: 10    Spells: 3/3 levels left

rFire   + . .      SeeInvis .     - Unarmed
rCold   . . .      Faith    +   b - +0 kite shield
rNeg    . . .      Spirit   .   a - +0 robe
rPois   .          Reflect  .   (helmet restricted)
rElec   .          Harm     .   (no cloak)
rCorr   .          Rampage  .   (gloves unavailable)
Will    .....                   (boots unavailable)
Stlth   +.........              m - amulet of faith {!P}
HPRegen 1.14/turn               f - ring of protection from fire
MPRegen 0.08/turn               (no ring)

@: no status effects
A: large, unfitting armour, claws 3, regeneration 1, shaggy fur 1, tough skin 1
a: no special abilities


You were on level 3 of the Dungeon.
You visited 1 branch of the dungeon, and saw 3 of its levels.

You collected 124 gold pieces.

Inventory:

Missiles
 l - 2 curare-tipped darts (quivered)
 o - 4 silver boomerangs
Armour
 a - a +0 robe (worn)
 b - a +0 kite shield (worn)
Jewellery
 f - a ring of protection from fire (left claw)
 m - an amulet of faith (around neck) {!P}
Wands
 n - a wand of paralysis (11) {@v7}
Scrolls
 h - a scroll of summoning {unknown}
 i - 2 scrolls of silence {unknown}
Potions
 c - 2 potions of might {@q4}
 d - a potion of brilliance {unknown}
 e - a potion of curing {unknown}
 g - 2 potions of flight {unknown}
 j - a potion of attraction {unknown}
 k - a potion of degeneration {unknown}
 p - a potion of invisibility {unknown}


   Skills:
 - Level 2.4 Fighting
 - Level 2.4 Dodging
 - Level 2.4 Shields
 + Level 5.0 Unarmed Combat


You had 3 spell levels left.
You didn't know any spells.
Your spell library contained the following spells:

 Spells                   Type           Power      Damage    Failure   Level
 Corona                   Hex            0%         N/A       93%         1
 Ensorcelled Hibernation  Hex/Ice        0%         N/A       98%         2
 Ozocubu's Armour         Ice            0%         N/A       100%        3
 Tukima's Dance           Hex            0%         N/A       100%        3
 Metabolic Englaciation   Hex/Ice        0%         N/A       100%        5
 Simulacrum               Ice/Necr       0%         N/A       100%        6


Dungeon Overview and Level Annotations

Branches:
Dungeon (3/15)

Altars:


Innate Abilities, Weirdness & Mutations

You are too large for most types of armour.
You have claws for hands.
Your natural rate of healing is unusually fast.
You are covered in fur. (AC +1)
You have tough skin. (AC +1)


Message History

The orc moves out of view.
You are too confused!
You are too confused!
You are too confused!
You are too confused!
You are too confused!
You are too confused!
You are too confused!
You are too confused!
You are too confused!
You are too confused!
You are too confused!
You are too confused!
You are too confused!
You are too confused!
You are too confused!
You are too confused!
You are too confused!
You are too confused!
You are too confused!
You are too confused!
You are too confused!
You are too confused!
Unknown command.
An orc wizard is nearby!
An orc comes into view. It is wielding a +0 flail.
A frilled lizard comes into view.
The frilled lizard hisses angrily.
You feel less confused.
An orc comes into view. It is wielding a +0 hand axe.
The orc shouts!
The orc wizard points at you and mumbles some strange words.
You resist with some effort. The orc wizard casts a spell at you.
You are confused.
You are too confused!
You are too confused!
You are too confused!
You are too confused!
An adder comes into view.
The adder hisses angrily.
The orc wizard barely misses you.
The orc wizard gestures at you while chanting.
You are more confused.
The orc wizard hits you but does no damage.
The frilled lizard barely misses you.
A kobold comes into view. It is wielding a +0 short sword.
You are too confused!
The frilled lizard closely misses you.
The frilled lizard completely misses you.
The orc wizard hits you but does no damage.
The orc hits you with a +0 dagger. The orc barely misses you.
You take 1 damage, and have 43/44 hp.
The frilled lizard closely misses you.
A bat comes into view.
The orc wizard gestures at you while chanting.
The magic dart hits you. The orc closely misses you.
You claw the frilled lizard!
You kill the frilled lizard!
The orc wizard hits you but does no damage.
The orc hits you with a +0 dagger. The orc hits you with a +0 hand axe.
You take 6 damage, and have 37/44 hp.
You claw the orc wizard!
The orc wizard is severely wounded.
The orc wizard closely misses you. The orc hits you with a +0 flail!
The orc hits you but does no damage. The adder bites you.
The orc hits you with a +0 hand axe.
The orc wizard hits you with a +0 dagger.
You take 15 damage, and have 22/44 hp.
MASSIVE DAMAGE!!
You scratch the orc wizard but do no damage.
The orc wizard is severely wounded.
The orc hits you with a +0 flail!
* * * LOW HITPOINT WARNING * * *
The adder bites you.
* * * LOW HITPOINT WARNING * * *
The orc hits you but does no damage. The orc hits you with a +0 hand axe.
* * * LOW HITPOINT WARNING * * *
The orc wizard hits you with a +0 dagger.
* * * LOW HITPOINT WARNING * * *
The orc barely misses you.
You take 19 damage, and have 3/44 hp.
MASSIVE DAMAGE!!
You barely miss the orc. The adder bites you.
* * * LOW HITPOINT WARNING * * *
The orc barely misses you. The orc hits you with a +0 hand axe.
* * * LOW HITPOINT WARNING * * *
The adder barely misses you.
The orc wizard hits you but does no damage.
The orc barely misses you.
You take 2 damage, and have 1/44 hp.
You bump into the rock wall.
You feel less confused. You block the orc's attack.
You block the adder's attack. The orc barely misses you.
The orc wizard hits you with a +0 dagger.
* * * LOW HITPOINT WARNING * * *
The orc barely misses you.
You closely miss the orc wizard.
The orc wizard is severely wounded.
The adder bites you.
You die...

..<.<...████.....█████
........).)..........█
...........██........█
........██...........█
.....................█
........█████........█
...... █...█..████
█.███oS███ ... █@ob.█
█.██ █ooK...█ █.
███..█..█ ?██ .. .. .
██. .. ..


You could see an orc wizard, an adder, 3 orcs, a bat and a kobold.

Vanquished Creatures
  A hound (D:2)
  Ijyb (D:3)
  An adder (D:2)
  8 bats
  An endoplasm (D:1)
  3 giant cockroaches
  5 goblins
  5 hobgoblins
  10 jackals
  3 kobolds
  4 ball pythons
  4 frilled lizards
  4 rats
50 creatures vanquished.

Notes
Turn   | Place    | Note
-------+----------+-------------------------------------------
     0 | D:1      | Goblin1989 the Troll Fighter began the quest for the Orb.
     0 | D:1      | Reached XP level 1. HP: 22/22 MP: 0/0
   179 | D:1      | Reached XP level 2. HP: 29/29 MP: 1/1
   320 | D:1      | Reached skill level 3 in Unarmed Combat
   578 | D:1      | Reached XP level 3. HP: 36/36 MP: 2/2
   937 | D:2      | Reached skill level 4 in Unarmed Combat
  1149 | D:2      | Reached XP level 4. HP: 39/44 MP: 3/3
  1550 | D:3      | Noticed Ijyb
  1564 | D:3      | Killed Ijyb
  1571 | D:3      | Reached skill level 5 in Unarmed Combat
  1625 | D:3      | HP: 1/44 [orc (2)]
  1627 | D:3      | Slain by an adder

Illustrated notes

Levels and vault maps discovered:
D:1:      roderic_chinese_lattice_arrival, layout_basic, corexii_corridor_pit,
          feat_on_display
D:2:      layout_loops_corners, minmay_crystal_water
D:3:      layout_rooms, shapermc_ecumenical_altar_ellora, grunt_ministairs_2,
          uniq_terence, uniq_ijyb

Skill      XL: |  1  2  3  4 |
---------------+-------------+-----
Unarmed Combat | 3 4 5 |  5.0
Fighting       | |  2.4
Dodging        | |  2.4
Shields        | |  2.4

Action                   |  1- 3 |  4- 6 || total
-------------------------+-------+-------++-------
Melee: Unarmed           |    96 |    30 ||   126
 Stab: Sleeping          |     2 |       ||     2
Armor: Robe              |    53 |    24 ||    77
Dodge: Dodged            |    42 |    30 ||    72
Block: Kite shield       |    39 |    16 ||    55

Table legend: (Time is in decaauts)
 A = Elapsed time spent in this place.
 B = Non-inter-level travel time spent in this place.
 C = Inter-level travel time spent in this place.
 D = Time resting spent in this place.
 E = Time spent auto-exploring this place.
 F = Levels seen in this place.
 G = Mean time per level.
                   A        B        C        D        E       F      G
               +--------+--------+--------+--------+--------+-----+--------+
         Total |   1646 |   1590 |     56 |      0 |   1278 |   3 |  548.7 |
       Dungeon |   1646 |   1590 |     56 |      0 |   1278 |   3 |  548.7 |
               +--------+--------+--------+--------+--------+-----+--------+

Top non-repeatable levels by time:
     D:2: 837 daAuts
     D:1: 718 daAuts
     D:3: 90 daAuts
